 Dungeon Crawl Stone Soup version 0.31-a0-835-g2a3a5bc3be (webtiles) character file.

Game seed: 14428633564308920139

9996 Ijustatesigmund the Thaumaturge (level 11, -5/62 HPs)
             Began as a Deep Elf Fire Elementalist on Sept 26, 2023.
             Was an Elder of Vehumet.
             Slain by a tengu warrior
             ... wielding a +1 dire flail
              (6 damage)
             ... on level 11 of the Dungeon.
             The game lasted 00:32:07 (13644 turns).

Ijustatesigmund the Thaumaturge (DEFE)             Turns: 13644, Time: 00:32:07

Health: -5/62      AC:  6    Str:  7 (8)  XL:     11   Next: 30%
Magic:  10/27      EV: 12    Int: 28      God:    Vehumet [****..]
Gold:   472        SH:  0    Dex: 13      Spells: 11/31 levels left

rFire   . . .        h - +1 sling
rCold   + . .        (no shield)
rNeg    + . .        a - +0 robe {rC+}
rPois   .            l - +0 helmet
rElec   .            f - +0 cloak
rCorr   .            y - +1 pair of gloves
SInv    .            (no boots)
Will    ++...        (no amulet)
Stlth   ++           g - ring of willpower
HPRegen 0.30/turn    k - ring of positive energy
MPRegen 0.20/turn

%: clarity
@: very slightly contaminated
A: clarity, clever 1, deterioration 1, strong 1
a: Renounce Religion


You were on level 11 of the Dungeon.
You worshipped Vehumet.
Vehumet was greatly pleased with you.
You visited 2 branches of the dungeon, and saw 12 of its levels.
You also visited: Ossuary.

You collected 542 gold pieces.
You spent 70 gold pieces at shops.

Inventory:

Hand Weapons
 b - a +1 vampiric hand axe
 e - a +3 dagger of venom
 h - a +1 sling (weapon)
 C - a +2 spectral lajatang
Missiles
 x - 3 throwing nets
Armour
 a - a +0 robe of cold resistance (worn)
 f - a +0 cloak (worn)
 l - a +0 helmet (worn)
 y - a +1 pair of gloves (worn)
Jewellery
 g - a ring of willpower (left hand)
 k - a ring of positive energy (right hand)
Wands
 n - a wand of iceblast (4)
 s - a wand of polymorph (12)
 t - a wand of flame (82)
 u - a wand of charming (2)
 w - a wand of digging (5)
 H - a wand of light (5)
 J - a wand of mindburst (5)
Scrolls
 o - a scroll of teleportation
 B - 3 scrolls of amnesia
 D - a scroll of silence
 E - a scroll of identify
 F - 2 scrolls of fog
 G - 4 scrolls of immolation
Potions
 c - a potion of resistance
 d - 6 potions of lignification
 i - 4 potions of curing
 j - 4 potions of attraction
 m - 2 potions of mutation
 p - 3 potions of cancellation
 q - a potion of might
 r - 2 potions of ambrosia
 v - a potion of magic
 z - a potion of heal wounds
 A - a potion of enlightenment
 I - a potion of brilliance


   Skills:
 - Level 4.6 Fighting
 - Level 2.0 Ranged Weapons
 - Level 2.4 Dodging
 - Level 2.4 Stealth
 + Level 10.7 Spellcasting
 + Level 8.7 Conjurations
 + Level 1.3 Necromancy
 - Level 4.1 Translocations
 + Level 2.6 Transmutations
 + Level 9.3 Fire Magic
 - Level 4.5 Air Magic
 - Level 5.0 Poison Magic
 - Level 5.4 Evocations


You had 11 spell levels left.
You knew the following spells:

 Your Spells              Type           Power      Damage    Failure   Level
a - Foxfire               Conj/Fire      100%       2x1d9     1%          1
b - Scorch                Fire           100%       2d9       1%          2
c - Flame Wave            Conj/Fire      60%        2d14      1%          4
d - Poisonous Vapours     Pois/Air       84%        N/A       1%          2
e - Blink                 Tloc           76%        N/A       1%          2
f - Irradiate             Conj/Tmut      23%        3d19      2%          5
g - Dispel Undead         Necr           22%        3d12      22%         4

Your spell library contained the following spells:

 Spells                   Type           Power      Damage    Failure   Level
 Lee's Rapid Deconstruct  Erth           7%         3d7*      26%         5
 Sting                    Tmut/Pois      100%       1d8       1%          1
 Cigotuvi's Dreadful Rot  Necr/Pois/Air  70%        N/A       1%          2
 Inner Flame              Hex/Fire       41%        N/A       1%          3
 Mephitic Cloud           Conj/Pois/Air  49%        N/A       1%          3
 Volatile Blastmotes      Fire/Tloc      100%       2d18      1%          3
 Sublimation of Blood     Necr           22%        N/A       3%          2
 Freezing Cloud           Conj/Ice/Air   20%        6-21      4%          5
 Manifold Assault         Tloc           38%        N/A       7%          4
 Petrify                  Tmut/Erth      22%        N/A       22%         4
 Leda's Liquefaction      Hex/Erth       7%         N/A       36%         4
 Death Channel            Necr           11%        N/A       98%         6
 Enfeeble                 Hex            7%         N/A       100%        7


Dungeon Overview and Level Annotations

Branches:
Dungeon (11/15)            Temple (1/1) D:6            Lair (0/5) D:9
    Orc (0/2) D:10        Ossuary (visited)

Altars:
Ashenzari
Cheibriados
Dithmenos
Elyvilon
Fedhas
Gozag
Hepliaklqana
Kikubaaqudgha
Makhleb
Nemelex Xobeh
Okawaru
Qazlal
Ru
Sif Muna
Trog
Uskayaw
Vehumet
Wu Jian
Xom
Yredelemnul
Zin
The Shining One

Shops:
D:5 **   D:8 !


Innate Abilities, Weirdness & Mutations

You possess an exceptional clarity of mind.
Your mind is acute. (Int +4, Str/Dex -1)
Your body sometimes deteriorates upon taking damage.
Your muscles are strong. (Str +4, Int/Dex -1)


Message History

The flame wave engulfs the tengu warrior.
The tengu warrior is lightly wounded.
The flame wave engulfs the centaur warrior zombie!!
The centaur warrior zombie is moderately damaged.
The flame wave engulfs the shadow!
The shadow is heavily damaged.
You hear a shout!
The shadow hits you.
The shadow slips into darkness.
The shadow flickers and vanishes!
A wave of flame ripples out!
The flame wave engulfs the shadow!
You destroy the shadow!
Vehumet accepts your kill.
The flame wave engulfs the tengu warrior!
The tengu warrior is moderately wounded.
The flame wave engulfs something!
The flame wave engulfs the centaur warrior zombie!
The centaur warrior zombie is heavily damaged.
The flame wave engulfs something.
You hear a shout!
The centaur warrior zombie closely misses you. x2
Something hits you! Something bites you but does no damage.
The tengu warrior hits you with a +1 dire flail!!
The tengu warrior closely misses you.
The tengu warrior claws you but does no damage.
A wave of flame ripples out!
The flame wave engulfs the tengu warrior!!
The tengu warrior is severely wounded.
The flame wave engulfs something!
The flame wave engulfs the centaur warrior zombie!!
The centaur warrior zombie is almost destroyed.
The flame wave engulfs something.
You finish channelling waves of flame.
You hear a shout!
The centaur warrior zombie hits you but does no damage.
The centaur warrior zombie kicks you. Something draws life force from you.
* * * LOW HITPOINT WARNING * * *
The tengu warrior hits you with a +1 dire flail!
* * * LOW HITPOINT WARNING * * *
The tengu warrior pecks you.
You die...

................#......
..................#......
..........>............#.
.......................##
.........................
..................#......
..................#....#.
......[{{Z........#....#.
.......Q@.........#....#
....###############.#..#
. ...


You could see a tengu warrior and a centaur warrior zombie.

Vanquished Creatures
  Harold (D:9)
  2 two-headed ogres (D:9)
  A centaur warrior (D:10)
  Pikel (D:5)
  A centaur zombie (D:11)
  4 komodo dragons (D:9)
  A tengu conjurer (D:11)
  A troll (D:10)
  Prince Ribbit (D:5)
  A shadow (D:11)
  Sigmund (D:5)
  2 wyverns
  2 steam dragons
  A water moccasin (D:8)
  3 ice beasts
  2 orc warriors
  An ogre (D:6)
  2 sky beasts (D:8)
  A centaur (D:6)
  A kobold brigand (D:8)
  A lemure (D:5)
  A phantom (D:4)
  3 bullfrogs
  A scorpion (D:4)
  4 water moccasin zombies (Ossuary)
  30 wights
  6 killer bees (D:7)
  3 howler monkeys (D:10)
  An electric eel (D:10)
  3 orc priests
  4 hounds
  A jelly (D:7)
  Terence (D:2)
  2 iguanas
  10 orc wizards
  A sleepcap (D:4)
  3 mummies
  Robin (D:2)
  7 adders
  3 gnolls (D:6)
  A shadow imp (D:6)
  2 adder zombies (Ossuary)
  A worm (D:3)
  A dart slug (D:1)
  34 orcs
  7 ball pythons
  6 endoplasms
  4 giant cockroaches
  5 gnoll zombies (Ossuary)
  11 goblins
  6 hobgoblins
  4 jackals (D:4)
  4 quokkas
  5 bats
  3 frilled lizards
  7 hobgoblin zombies
  13 kobolds
  5 kobold zombies (Ossuary)
  4 orc zombies
  4 rats
  A butterfly (D:6)
244 creatures vanquished.

Vanquished Creatures (collateral kills)
  A centaur (D:9)
1 creature vanquished.

Vanquished Creatures (others)
  A steam dragon (D:9)
  183 foxfires
184 creatures vanquished.

Grand Total: 429 creatures vanquished

Notes
Turn   | Place    | Note
-------+----------+-------------------------------------------
     0 | D:1      | Ijustatesigmund the Deep Elf Fire Elementalist began the
                  | quest for the Orb.
     0 | D:1      | Reached XP level 1. HP: 10/10 MP: 6/6
   298 | D:1      | Reached XP level 2. HP: 16/16 MP: 5/8
   301 | D:1      | Learned a level 2 spell: Scorch
  1230 | D:2      | Noticed Robin
  1358 | D:2      | Reached XP level 3. HP: 20/20 MP: 7/10
  1662 | D:1      | Reached skill level 1 in Fighting
  1825 | D:1      | Reached skill level 1 in Ranged Weapons
  1979 | D:2      | Killed Robin
  2105 | D:2      | Noticed Terence
  2124 | D:2      | HP: 1/20 [Terence/+1 vampiric hand axe (2)]
  2129 | D:2      | Killed Terence
  2130 | D:2      | Reached XP level 4. HP: 6/25 MP: 7/11
  2259 | D:2      | Learned a level 4 spell: Flame Wave
  2640 | D:3      | Reached skill level 4 in Spellcasting
  2772 | D:3      | Learned a level 2 spell: Poisonous Vapours
  2855 | D:3      | Reached XP level 5. HP: 29/29 MP: 10/13
  3788 | D:4      | Found a shimmering blue altar of Sif Muna.
  4059 | D:4      | Reached skill level 1 in Poison Magic
  4103 | D:4      | Noticed a phantom
  4113 | D:4      | Killed a phantom
  4114 | D:4      | Reached skill level 1 in Air Magic
  4114 | D:4      | Reached XP level 6. HP: 28/34 MP: 8/14
  4214 | D:4      | Found an iron altar of Okawaru.
  4802 | D:4      | Found a glowing silver altar of Zin.
  4803 | D:4      | Noticed an angel
  4985 | D:4      | Reached skill level 5 in Spellcasting
  5175 | D:5      | Entered Level 5 of the Dungeon
  5175 | D:5      | Noticed Sigmund
  5180 | D:5      | Killed Sigmund
  5181 | D:5      | Reached skill level 5 in Fire Magic
  5181 | D:5      | Reached XP level 7. HP: 38/38 MP: 6/17
  5433 | D:5      | Got an unusual book
  5479 | D:5      | Noticed Pikel
  5488 | D:5      | Killed Pikel
  5489 | D:5      | Reached skill level 6 in Spellcasting
  5489 | D:5      | Reached XP level 8. HP: 23/43 MP: 2/19
  5634 | D:5      | Noticed Prince Ribbit
  5642 | D:5      | Killed Prince Ribbit
  5648 | D:5      | Reached skill level 5 in Conjurations
  6252 | D:5      | Found Abluext's Specific Store.
  6256 | D:5      | Found Legeokus's General Store.
  6417 | D:6      | Found a staircase to the Ecumenical Temple.
  6501 | Temple   | Entered the Ecumenical Temple
  6572 | Temple   | Became a worshipper of Vehumet
  6765 | D:6      | Reached skill level 7 in Spellcasting
  7436 | D:6      | Reached skill level 5 in Poison Magic
  7436 | D:6      | Reached XP level 9. HP: 48/48 MP: 17/22
  7721 | D:7      | Reached * piety under Vehumet
  7721 | D:7      | Offered knowledge of Sandblast by Vehumet.
  7939 | D:7      | Reached skill level 1 in Evocations
  8016 | D:7      | Found a sand-covered staircase.
  8026 | Ossuary  | Entered an ossuary
  8223 | Ossuary  | Reached skill level 8 in Spellcasting
  8331 | Ossuary  | Reached ** piety under Vehumet
  8331 | Ossuary  | Offered knowledge of Magic Dart by Vehumet.
  9294 | D:7      | Found an ornate altar of the Wu Jian Council.
  9954 | D:8      | Found Penamaj's Distillery.
  9963 | D:8      | Bought a potion of heal wounds for 70 gold pieces
  9982 | D:8      | Gained mutation: You are frail. (-10% HP) [potion of
                  | mutation]
  9983 | D:8      | Lost mutation: You are frail. (-10% HP) [potion of
                  | mutation]
  9983 | D:8      | Gained mutation: Your body sometimes deteriorates upon
                  | taking damage. [potion of mutation]
  9983 | D:8      | Gained mutation: Your muscles are strong. (Str +4, Int/Dex
                  | -1) [potion of mutation]
  9983 | D:8      | Gained mutation: You have large cloven feet. [potion of
                  | mutation]
  9983 | D:8      | Gained mutation: You are agile. (Dex +4, Str/Int -1)
                  | [potion of mutation]
  9984 | D:8      | Lost mutation: You are agile. (Dex +4, Str/Int -1) [potion
                  | of mutation]
  9984 | D:8      | Lost mutation: You have large cloven feet. [potion of
                  | mutation]
  9984 | D:8      | Gained mutation: You possess an exceptional clarity of
                  | mind. [potion of mutation]
  9984 | D:8      | Gained mutation: Your mind is acute. (Int +4, Str/Dex -1)
                  | [potion of mutation]
  9988 | D:8      | Learned a level 2 spell: Blink
 10001 | D:8      | Offered knowledge of Momentum Strike by Vehumet.
 10189 | D:8      | Reached skill level 1 in Translocations
 10260 | D:8      | Found a shimmering altar of Xom.
 10347 | D:8      | Reached *** piety under Vehumet
 10348 | D:8      | Reached XP level 10. HP: 46/56 MP: 18/24
 10774 | D:9      | Reached skill level 9 in Spellcasting
 10824 | D:9      | Noticed a two-headed ogre
 10831 | D:9      | HP: 1/56 [two-headed ogre/+0 giant club (10)]
 10838 | D:9      | Killed a two-headed ogre
 11074 | D:9      | Noticed Harold
 11098 | D:9      | Killed Harold
 11372 | D:9      | Learned a level 5 spell: Irradiate
 11405 | D:9      | Offered knowledge of Fulminant Prism by Vehumet.
 11975 | D:9      | Reached skill level 5 in Evocations
 11997 | D:9      | Reached skill level 10 in Spellcasting
 12140 | D:9      | Noticed a two-headed ogre
 12147 | D:9      | Killed a two-headed ogre
 12148 | D:9      | Reached XP level 11. HP: 48/62 MP: 16/27
 12325 | D:9      | Found a staircase to the Lair.
 12587 | D:10     | Entered Level 10 of the Dungeon
 12597 | D:10     | Found an opulent altar of Gozag.
 12621 | D:10     | Noticed a centaur warrior
 12636 | D:10     | Killed a centaur warrior
 12637 | D:10     | Reached skill level 1 in Transmutations
 13115 | D:10     | Found a staircase to the Orcish Mines.
 13408 | D:10     | Reached **** piety under Vehumet
 13550 | D:11     | Learned a level 4 spell: Dispel Undead
 13633 | D:11     | Offered knowledge of Lee's Rapid Deconstruction by Vehumet.
 13634 | D:11     | Reached skill level 1 in Necromancy
 13639 | D:11     | Noticed a tengu warrior
 13644 | D:11     | HP: 1/62 [tengu warrior/+1 dire flail (14)]
 13644 | D:11     | Slain by a tengu warrior

Illustrated notes

Levels and vault maps discovered:
D:1:      minmay_arrival_plants_in_alcoves, layout_loops_ring,
          minmay_door_square, minmay_statues_item,
          nicolae_concentric_dashed_squares_wild
D:2:      layout_loops_cross, uniq_robin, uniq_terence
D:3:      layout_loops_ring, grunt_decor_arrowhead, kennysheep_big_empty_room
D:4:      layout_gridville, mainiacjoe_overflow_cross_hatched, zin_angel,
          led_sif_book, minmay_cut_off
D:5:      layout_rooms, chequers_serial_rivers_room_b, nicolae_specific_store,
          uniq_prince_ribbit1, uniq_pikel, uniq_sigmund
D:6:      layout_cave_pods, minmay_temple_entry_butterflies
D:7:      layout_loops_corners, kennysheep_mini, nicolae_ossuary_entry_giza
D:8:      layout_layer_cave, brannock_xom_greatest_gift, serial_shops, shop,
          dk_vineyard_3
D:9:      layout_roguey, erik_lair_dragon, minmay_misc_feat_doors, uniq_harold
D:10:     layout_basic, nicolae_gozag_seed_capital, orc_0_dummy,
          hangedman_glass_teeth
D:11:     layout_grid_maze, serial_undead, serial_undead_c, serial_undead_e,
          serial_undead_e, serial_undead_a
Temple:   minmay_temple_bridge_d

Skill      XL: |  1  2  3  4  5  6  7  8  9 10 11 |
---------------+----------------------------------+-----
Fighting       | 1 3 4 |  4.6
Ranged Weapons | 1 2 |  2.0
Conjurations   | 2 3 4 5 7 8 |  8.7
Spellcasting   | 4 5 6 7 8 10 | 10.7
Fire Magic     | 4 5 6 7 8 9 |  9.3
Poison Magic   | 1 2 3 5 |  5.0
Air Magic      | 1 2 3 4 |  4.5
Evocations     | 3 5 |  5.4
Translocations | 1 4 |  4.1
Transmutations | 2 |  2.6
Necromancy     | 1 |  1.3
Dodging        | |  2.4
Stealth        | |  2.4

Action                     |  1- 3 |  4- 6 |  7- 9 | 10-12 || total
---------------------------+-------+-------+-------+-------++-------
   Fire: Sling             |    21 |    70 |    80 |    33 ||   204
   Cast: Foxfire           |    39 |    19 |    19 |    32 ||   109
         Scorch            |    20 |    26 |   104 |    44 ||   194
         Poisonous Vapours |       |     5 |     6 |    17 ||    28
         Flame Wave        |       |     3 |    19 |    17 ||    39
         Blink             |       |       |       |     1 ||     1
         Irradiate         |       |       |       |     1 ||     1
  Evoke: Wand              |       |       |     3 |     5 ||     8
    Use: Scroll            |     2 |     5 |     9 |     6 ||    22
         Potion            |     3 |       |     4 |     4 ||    11
 Armour: Robe              |    26 |    37 |    77 |    74 ||   214
  Dodge: Dodged            |    35 |    26 |    60 |    70 ||   191

Table legend: (Time is in decaauts)
 A = Elapsed time spent in this place.
 B = Non-inter-level travel time spent in this place.
 C = Inter-level travel time spent in this place.
 D = Time resting spent in this place.
 E = Time spent auto-exploring this place.
 F = Levels seen in this place.
 G = Mean time per level.
                   A        B        C        D        E       F      G
               +--------+--------+--------+--------+--------+-----+--------+
         Total |  13717 |  13260 |    457 |   4456 |   7044 |  13 | 1055.2 |
       Dungeon |  12787 |  12472 |    315 |   4001 |   6833 |  11 | 1162.5 |
        Temple |    142 |      1 |    141 |      0 |      0 |   1 |  142.0 |
       Ossuary |    787 |    787 |      0 |    455 |    211 |   1 |  787.0 |
               +--------+--------+--------+--------+--------+-----+--------+

Top non-repeatable levels by time:
     D:9: 1988 daAuts
     D:1: 1682 daAuts
     D:4: 1587 daAuts
     D:7: 1238 daAuts
     D:6: 1194 daAuts
     D:3: 1155 daAuts
     D:5: 1036 daAuts
    D:10: 943 daAuts
     D:2: 935 daAuts
     D:8: 907 daAuts
 Ossuary: 787 daAuts
  Temple: 142 daAuts
    D:11: 118 daAuts
